 Dungeon Crawl Stone Soup version 0.24.0-123-gd5b16e6ec5 (webtiles) character file.

Game seed: 430020465298736029, levelgen mode: deterministic

474 Mevorra the Chopper (level 6, 0/51 HPs)
             Began as a Centaur Warper on Jan 22, 2020.
             Was an Initiate of Okawaru.
             Shot with an arrow by a centaur (3 damage)
             ... on level 5 of the Dungeon.
             The game lasted 00:38:19 (3736 turns).

Mevorra the Chopper (Centaur Warper)                Turns: 3736, Time: 00:38:20

Health: 0/51       AC: 17    Str: 14    XL:     6   Next: 84%
Magic:  9/9        EV:  4    Int: 12    God:    Okawaru [......]
Gold:   181        SH:  0    Dex: 10    Spells: 5/9 levels left

rFire    + + .     SeeInvis .   a - +0 hand axe
rCold    + . .     Gourm    .   (no shield)
rNeg     . . .     Faith    .   s - +6 chain mail
rPois    .         Spirit   .   d - +0 helmet
rElec    .         Reflect  .   g - scarf {rC+ rF+}
rCorr    .         Harm     .   (no gloves)
MR       .....                  (no barding)
Stlth    ..........             (no amulet)
HPRegen  0.17/turn              h - ring of protection from fire
MPRegen  0.11/turn              z - +3 ring of protection

@: very slightly contaminated, invisible, very quick
A: large, hooves 3, deformed body, speed 2, tough skin 3
a: Renounce Religion


You were on level 5 of the Dungeon.
You worshipped Okawaru.
Okawaru was noncommittal.
You were not hungry.

You visited 1 branch of the dungeon, and saw 5 of its levels.

You collected 181 gold pieces.

Inventory:

Hand Weapons
 a - a +0 hand axe (weapon)
 b - a +0 hand axe
Missiles
 c - 101 stones (quivered)
 e - 5 boomerangs of dispersal
 q - 5 boomerangs
Armour
 d - a +0 helmet (worn)
 g - a scarf of resistance (worn)
 s - a +6 chain mail (worn)
Jewellery
 h - a ring of protection from fire (left hand)
 z - a +3 ring of protection (right hand)
Wands
 t - a wand of flame (5)
Scrolls
 i - a scroll of identify
Potions
 j - a potion of curing
 r - 2 potions of flight
Comestibles
 f - 8 rations


   Skills:
 + Level 3.3 Fighting
 + Level 4.2 Axes
 + Level 1.1 Throwing
 + Level 2.3 Armour
 + Level 2.6 Dodging
 - Level 2.3 Spellcasting
 + Level 2.7 Translocations


You had 5 spell levels left.
You knew the following spells:

 Your Spells              Type           Power        Failure   Level  Hunger
a - Shroud of Golubria    Chrm/Tloc      #.....       99%         2    ###....
b - Blink                 Tloc           N/A          98%         2    ###....

Your spell library contained the following spells:

 Spells                   Type           Power        Failure   Level  Hunger
 Gell's Gravitas          Tloc           #.........   100%        3    ####...
 Lesser Beckoning         Tloc           #.........   100%        3    ####...
 Teleport Other           Tloc           #.......     100%        3    ####...
 Passage of Golubria      Tloc           N/A          100%        4    #####..


Dungeon Overview and Level Annotations

Branches:
Dungeon (5/15)
 Temple: D:4-7

Altars:
Ashenzari
Elyvilon
Gozag
Okawaru
Vehumet
Yredelemnul

Shops:
D:4 (

Annotations:
D:3 2 transporters, ivanetc's ghost, novice TrFi


Innate Abilities, Weirdness & Mutations

You have hooves in place of feet.
Armour fits poorly on your strangely shaped body.
You cover ground very quickly.
You have extremely tough skin. (AC +3)


Message History

The orc priest mumbles some strange prayers to Beogh against you.
Beogh smites you!
You see here an arrow.
A crimson imp comes into view.
The crimson imp shouts!
You fade into invisibility!
The centaur shoots an arrow.
The arrow hits the worker ant.
You are very lightly contaminated with residual magic.
Found 6 gold pieces.
The orc priest calls down the wrath of Beogh upon you.
Beogh smites you!
* * * LOW HITPOINT WARNING * * *
A jelly comes into view.
The jelly quivers.
The centaur shoots an arrow.
An orc comes into view.
Things that are here:
14 gold pieces; 25 stones The centaur shoots an arrow.
The arrow hits you.
You die...

#. .........((##..o.## .
#............o..# . #
##.........(oa?..##.. #### ###
#...........o##......
...####.###...........(##....#
#..................#..c.5...#
.#.......#.....##.##.......##
.#..##...#...#.#...#.c....###
#...#....##.##..@..$..........
#.......###.####........##.....
.......##≈#'#≈##.......## ..###
.......##_..._##........# .#
........#######........... ..
.........# ....$.......## ##
.........# .J...........#
..###..... .............. .##
##... .............#


You could see a centaur.

Vanquished Creatures
  2 scorpions (D:4)
  2 hounds (D:4)
  An orc wizard (D:4)
  Jessica (D:2)
  4 worker ants
  Robin (D:2)
  5 adders
  2 oozes
  6 worms
  5 leopard geckos
  3 orcs
  3 ball pythons
  4 giant cockroaches
  9 goblins
  11 hobgoblins
  8 jackals
  A quokka (D:4)
  8 bats
  3 frilled lizards
  4 kobolds
  7 rats
90 creatures vanquished.

Notes
Turn   | Place    | Note
-------+----------+-------------------------------------------
     0 | D:1      | Mevorra the Centaur Warper began the quest for the Orb.
     0 | D:1      | Reached XP level 1. HP: 17/17 MP: 3/3
   174 | D:1      | Reached skill level 2 in Axes
   174 | D:1      | Reached XP level 2. HP: 21/24 MP: 4/4
   437 | D:2      | Noticed Jessica
   567 | D:2      | Killed Jessica
   567 | D:2      | Reached skill level 1 in Armour
   567 | D:2      | Reached XP level 3. HP: 28/29 MP: 6/6
   642 | D:2      | HP: 1/29 [poisoned by a worker ant]
   902 | D:2      | Reached XP level 4. HP: 16/37 MP: 7/7
  1386 | D:2      | Found a basalt altar of Yredelemnul.
  1423 | D:2      | Noticed Robin
  1690 | D:2      | Killed Robin
  1690 | D:2      | Reached XP level 5. HP: 20/42 MP: 8/8
  1696 | D:2      | Reached skill level 3 in Axes
  1733 | D:2      | Learned a level 2 spell: Shroud of Golubria
  2283 | D:3      | Found a radiant altar of Vehumet.
  2369 | D:3      | Learned a level 2 spell: Blink
  2581 | D:3      | Noticed ivanetc's ghost (novice TrFi)
  2582 | D:3      | Found a transporter.
  2582 | D:3      | Found a transporter.
  2582 | D:3      | Identified the +5 great mace of Hepliaklqana's Regard
                  | {crush, rN+}
  2582 | D:3      | Noticed an ogre
  2974 | D:4      | Reached XP level 6. HP: 37/51 MP: 9/9
  3138 | D:4      | Reached skill level 4 in Axes
  3141 | D:4      | Found an iron altar of Okawaru.
  3196 | D:4      | Became a worshipper of Warmaster Okawaru
  3248 | D:4      | Found Koech's Antique Weapon Boutique.
  3303 | D:4      | Found an opulent altar of Gozag.
  3654 | D:5      | Entered Level 5 of the Dungeon
  3701 | D:5      | Found a white marble altar of Elyvilon.
  3701 | D:5      | Found a shattered altar of Ashenzari.
  3730 | D:5      | HP: 2/51 [orc priest/divine providence (15)]
  3736 | D:5      | Shot with an arrow by a centaur

Levels and vault maps discovered:
D:1:      psy_arrival_statuary, layout_basic
D:2:      layout_rooms, lemuel_doored_altar, uniq_jessica, uniq_robin
D:3:      layout_basic, fiery_altar_vehumet, first_ration,
          gammafunk_ghost_smash, minmay_misc_feat_diagonals, minivault_4
D:4:      layout_loops_ring, okawaru_trees_2, grunt_gozag_breadcrumbs,
          serial_shops, shop, minmay_fractal_squares_5
D:5:      layout_cave_pools, gammafunk_temple_overflow_elements,
          portal_sewer_entry_a, serial_shops, nicolae_shop_trees, uniq_grinder

Skill      XL: |  1  2  3  4  5  6 |
---------------+-------------------+-----
Axes           | 2 3 4 |  4.2
Spellcasting   | 2 |  2.3
Armour         | 1 2 |  2.3
Dodging        | 2 |  2.6
Fighting       | 3 |  3.3
Throwing       | |  1.1
Translocations | |  2.7

Action                   |  1- 3 |  4- 6 || total
-------------------------+-------+-------++-------
Melee: Hand axe          |    90 |   248 ||   338
       Kick              |    13 |    46 ||    59
Throw: Stone             |     1 |     1 ||     2
Evoke: Wand              |       |     7 ||     7
  Use: Scroll            |     4 |     9 ||    13
       Potion            |     3 |     4 ||     7
  Eat: Chunk             |       |     2 ||     2
       Ration            |       |     2 ||     2
Armor: Leather armour    |    25 |    22 ||    47
       Ring mail         |       |    51 ||    51
       Chain mail        |       |    35 ||    35
       Robe              |       |     3 ||     3
Dodge: Dodged            |    59 |   137 ||   196
